 Dungeon Crawl Stone Soup version 0.21.1-1-g345015f (webtiles) character file.

7 n0claF the Shooter (level 1, 0/17 HPs)
             Began as a Centaur Hunter on June 22, 2018.
             Slain by a goblin (4 damage)
             ... on level 1 of the Dungeon.
             The game lasted 00:00:46 (374 turns).

n0claF the Shooter (Centaur Hunter)                  Turns: 374, Time: 00:00:47

Health: 0/17       AC:  4    Str: 14    XL:     1   Next: 83%
Magic:  1/1        EV:  9    Int: 10    God:
Gold:   26         SH:  0    Dex:  9    Spells: 0/0 levels left

rFire    . . .     SeeInvis .   a - +1 shortbow
rCold    . . .     Gourm    .   (shield currently unavailable)
rNeg     . . .     Faith    .   c - +0 leather armour
rPois    .         Spirit   .   (no helmet)
rElec    .         Reflect  .   (no cloak)
rCorr    .         Harm     .   (no gloves)
MR       .....                  (no barding)
Stlth    +.........             (no amulet)
HPRegen  0.05/turn              (no ring)
MPRegen  0.07/turn              (no ring)

@: very quick
A: large, hooves 3, deformed body, speed 2, tough skin 3
a: no special abilities


You were on level 1 of the Dungeon.
You were not hungry.

You visited 1 branch of the dungeon, and saw 1 of its levels.

You collected 26 gold pieces.

Inventory:

Hand Weapons
 a - a +1 shortbow (weapon)
Missiles
 d - 38 arrows (quivered)
Armour
 c - a +0 leather armour (worn)
Potions
 b - a potion of cancellation {unknown}
 g - a potion of curing {unknown}
Comestibles
 e - 2 rations {!d}
 f - 3 chunks of flesh


   Skills:
 + Level 2.1 Fighting
 * Level 5.5 Bows
 + Level 1.5 Dodging
 + Level 0.6 Stealth


You couldn't memorise any spells.
You didn't know any spells.

Dungeon Overview and Level Annotations

Branches:
Dungeon (1/15)

Altars:


Innate Abilities, Weirdness & Mutations

You have hooves in place of feet.
Armour fits poorly on your strangely shaped body.
You cover ground very quickly.
You have extremely tough skin. (AC +3)


Message History

You kill the kobold!
You barely miss the kobold. Your kick misses the kobold.
The kobold hits you but does no damage.
You hit the kobold but do no damage.
You kill the kobold!
No target in view!
No target in view!
You open the door.
There is an open door here.
Found a stone staircase leading down.
Found 12 gold pieces.
You start resting.
You now have 26 gold pieces (gained 12).
As you open the door, it creaks loudly!
A leopard gecko comes into view.
The leopard gecko hisses angrily.
You hear a shout!
A goblin comes into view.
You closely miss the leopard gecko. The leopard gecko bites you.
Your leather armour prevents you from hitting the leopard gecko.
Your kick misses the leopard gecko. The leopard gecko bites you.
You miss the leopard gecko. Your kick misses the leopard gecko.
The leopard gecko bites you but does no damage. x2
You hit the leopard gecko. Your kick misses the leopard gecko.
The leopard gecko barely misses you.
You barely miss the leopard gecko.
The leopard gecko bites you but does no damage.
You hit the leopard gecko but do no damage.
Your kick misses the leopard gecko. The leopard gecko barely misses you.
You hit the leopard gecko but do no damage.
Your kick misses the leopard gecko. The leopard gecko bites you.
You miss the leopard gecko. The leopard gecko barely misses you. x2
You barely miss the leopard gecko. Your kick misses the leopard gecko.
The leopard gecko bites you.
You barely miss the leopard gecko. The leopard gecko closely misses you.
You barely miss the leopard gecko. The leopard gecko bites you.
* * * LOW HITPOINT WARNING * * *
a - a +1 shortbow (weapon)
The leopard gecko bites you.
* * * LOW HITPOINT WARNING * * *
You are now empty-handed.
a - a +1 shortbow (weapon)
Aim: a leopard gecko (clinging)
You shoot an arrow. The arrow hits the leopard gecko.
The leopard gecko closely misses you. x2
Aim: a leopard gecko (heavily wounded, clinging)
You shoot an arrow. The arrow hits the leopard gecko.
You kill the leopard gecko!
Aim: a goblin You shoot an arrow.
The arrow barely misses the goblin.
The goblin hits you.
You die...

#.# #.#
#.#####.###.....
######>..............
.........#.###......#
########.#.# #......#
#.#.# #......# #.#.#
#......#
#.#.###......#
#@#...'......#
#g#####......# #'#
#......# ... #......#
..... #......#
...(... #......#
####+#####......#
.......)((..#
###########.#


You could see a goblin.

Vanquished Creatures
  A leopard gecko (D:1)
  A hobgoblin (D:1)
  A goblin (D:1)
  2 kobolds (D:1)
  2 rats (D:1)
7 creatures vanquished.

Notes
Turn   | Place    | Note
-------+----------+-------------------------------------------
     0 | D:1      | n0claF the Centaur Hunter began the quest for the Orb.
     0 | D:1      | Reached XP level 1. HP: 17/17 MP: 1/1
   374 | D:1      | Slain by a goblin

Action                   || total
-------------------------++-------
Melee: Unarmed           ||    33
       Kick              ||     7
 Fire: Shortbow          ||     3
Armor: Leather armour    ||    11
Dodge: Dodged            ||    11
